 Dungeon Crawl Stone Soup version 0.18.1-48-g4cf74bf (webtiles) character file.

49 Alarkh the Insei (level 3, 0/27 HPs)
             Began as a Vampire Skald on July 20, 2016.
             Slain by a hobgoblin
             ... wielding a +0 club
             ... led by Robin
              (6 damage)
             ... on level 3 of the Dungeon.
             The game lasted 00:01:58 (1117 turns).

Alarkh the Insei (Vampire Skald)                    Turns: 1117, Time: 00:01:59

Health: 0/27       AC:  4    Str: 11    XL:     3   Next: 51%
Magic:  3/6        EV:  6    Int: 15    God:
Gold:   38         SH:  0    Dex: 13    Spells: 2 memorised, 3 levels left

rFire  . . .     SeeInvis +       - Unarmed
rCold  . . .     Gourm    .     a - +0 leather armour
rNeg   . . .     Faith    .     (no shield)
rPois  .         Spirit   .     (no helmet)
rElec  .         Dismiss  .     n - +0 cloak
rCorr  .         Reflect  .     (no gloves)
SustAt .         Harm     .     (no boots)
MR     .....                    (no amulet)
Stlth  +.........               (no ring)
                                (no ring)

@: regenerating very quickly, not resistant to hostile enchantments, very
unstealthy
A: fangs 3, see invisible, unbreathing
a: no special abilities


You were on level 3 of the Dungeon.
You were almost alive.

You visited 1 branch of the dungeon, and saw 3 of its levels.

You collected 38 gold pieces.

Inventory:

Armour
 a - a +0 leather armour (worn)
 n - a +0 cloak (worn)
Scrolls
 e - 2 scrolls of identify {unknown}
 f - a scroll of recharging {unknown}
 g - a scroll of teleportation {unknown}
 i - 2 scrolls of fog {unknown}
 k - a scroll of remove curse {unknown}
Potions
 c - 2 potions of blood
 d - a potion of heal wounds {unknown}
 h - a potion of cancellation {unknown}
 j - a potion of ambrosia {unknown}
 l - a potion of haste {unknown}
 m - a potion of brilliance {unknown}
Books
 b - a book of Battle

   Spells                             Type                      Level
   a - Infusion                       Charms                       1
   b - Shroud of Golubria             Charms/Translocation         2
   c - Song of Slaying                Charms                       2
   d - Spectral Weapon                Hexes/Charms                 3
   e - Regeneration                   Charms/Necromancy            3


   Skills:
 - Level 1.7 Fighting
 - Level 0.7 Armour
 - Level 1.1 Dodging
 * Level 4.3 Unarmed Combat
 - Level 2.0 Spellcasting
 - Level 3.2 Charms


You had 3 spell levels left.
You knew the following spells:

 Your Spells              Type           Power        Failure   Level  Hunger
a - Infusion              Chrm           ##..         10%         1    #......
b - Shroud of Golubria    Chrm/Tloc      #.........   24%         2    ###....


Dungeon Overview and Level Annotations

Branches:
Dungeon (3/15)

Altars:

Annotations:
D:3 Robin


Innate Abilities, Weirdness & Mutations

Your natural rate of healing is extremely fast.
You have razor-sharp teeth.
You have supernaturally acute eyesight.
You can survive without breathing.


Message History

Drink which item? (? for menu, Esc to quit)
Yummy - fresh blood!
Drink which item? (? for menu, Esc to quit)
Yummy - fresh blood!
Drink which item? (? for menu, Esc to quit)
Yummy - fresh blood!
Drink which item? (? for menu, Esc to quit)
Yummy - fresh blood!
You climb downwards.
Level annotation: Robin The goblin misses you.
The hobgoblin closely misses you.
Robin roars a battlecry!
The goblins go into a battle-frenzy!
The goblin hits you with a dagger of electrocution.
You are electrocuted!
The goblin hits you but does no damage.
There is a stone staircase leading up here.
The goblin hits you with a club.
* * * LOW HITPOINT WARNING * * *
The hobgoblin hits you with a club.
You die...

#.. ..... #....
#.#.# #.#.#
#.#g#
##.gg#####
#..g@....#
#...g....#
#...g.......
#g.......##.
#.............#
###!#.........#
# #.........#
g#..........
#.#.......#.#


You could see Robin, 3 hobgoblins and 4 goblins.

Vanquished Creatures
  An adder (D:2)
  An ooze (D:2)
  A dart slug (D:2)
  3 bats
  6 goblins
  7 hobgoblins
  A quokka (D:3)
  3 ball pythons
  3 giant newts
  2 kobolds
  3 rats (D:1)
31 creatures vanquished.

Notes
Turn   | Place    | Note
--------------------------------------------------------------
     0 | D:1      | Alarkh the Vampire Skald began the quest for the Orb.
     0 | D:1      | Reached XP level 1. HP: 16/16 MP: 3/3
   303 | D:1      | Reached skill level 3 in Unarmed Combat
   303 | D:1      | Reached XP level 2. HP: 22/22 MP: 1/5
   310 | D:1      | Learned a level 2 spell: Shroud of Golubria
   770 | D:2      | Reached XP level 3. HP: 19/27 MP: 3/6
   977 | D:2      | Reached skill level 4 in Unarmed Combat
  1088 | D:3      | Noticed Robin
  1117 | D:3      | Slain by a hobgoblin

Skill      XL: |  1  2  3 |
---------------+----------+-----
Unarmed Combat | 3 4 |  4.3
Fighting       | |  1.7
Armour         | |  0.7
Dodging        | |  1.1
Spellcasting   | |  2.0
Charms         | |  3.2

Action                   || total
-------------------------++-------
Melee: Unarmed           ||    91
       Bite              ||     9
 Cast: Infusion          ||    10
 Abil: End Transformatio ||     1
       Bat Form          ||     1
  Use: Potion            ||     9
Armor: Leather armour    ||    18
Dodge: Dodged            ||    48
